[Event "1st Uppsala Festival 2022"]
[Site "Uppsala"]
[Date "2022.08.12"]
[Round "6.2"]
[White "Sorensen, Hampus"]
[Black "Lindberg, Bengt"]
[Result "1/2-1/2"]
[ECO "A70"]
[WhiteElo "2376"]
[BlackElo "2370"]
[Annotator "TA"]
[PlyCount "120"]
[EventDate "2022.08.09"]
[EventType "tourn"]
[EventCountry "SWE"]
[SourceTitle "playchess.com"]
[Source "ChessBase"]
[SourceQuality "1"]
[TimeControl "5400+30"]

1. d4 Nf6 2. c4 e6 3. Nf3 c5 4. d5 exd5 5. cxd5 d6 6. Nc3 g6 7. e4 a6 8. a4 Bg4 9. Be2 Bxf3 10. Bxf3 {[%emt 0:00:49] A70: Modern Benoni: 6 e4 g6 7 Nf3.} Bg7 11. O-O O-O 12. Be2 {[%emt 0:01:52] White is slightly better.} Re8 13. Qc2 Nbd7 14. Bf4 (14. Bg5 {with more complications.} c4 15. f3 Qa5 16. Kh1) 14... Qe7 15. Rfe1 h5 16. Bf1 Rac8 17. a5 Nh7 {[%emt 0:28:29] [#]} 18. Ra3 $146 ({Predecessor:} 18. h3 Bd4 19. Rad1 Qf6 20. Be3 Ng5 21. f3 Nh7 22. Qb3 Bxe3+ 23. Rxe3 Rb8 24. Na4 {0-1 (48) Miller,B (2368)-Cossette,M (2053) USA 2000}) 18... Ne5 19. Nd1 Nf6 20. Bg5 Qc7 (20... c4 $14) 21. f4 $1 $16 Ned7 22. Bc4 b5 23. axb6 $1 Qxb6 24. Re2 (24. Bxa6 $6 c4+ 25. Kh1 Rc7 $11) (24. Rxa6 $6 Qb4 25. Kf1 Nb6 $11) 24... Ra8 25. Kh1 Qb7 26. h3 (26. Rb3 $142 Nb6 27. e5) 26... Nb6 {[%emt 0:00:16] [#]} 27. Ba2 a5 (27... c4 $142) 28. Rf3 Nbd7 {[%emt 0:03:00] [#]} (28... c4 $16 {was necessary.}) 29. e5 $1 $18 Nh7 30. e6 (30. exd6 Nxg5 31. fxg5 Qa6 $11) 30... Ndf8 (30... Nxg5 $142 31. fxg5 Re7 32. exd7 Qxd7) 31. Bh4 (31. e7 Nd7 $16) 31... Kh8 32. f5 g5 33. Bg3 Rad8 34. Nc3 {[%emt 0:00:53] And now Ne4 would win.} Nf6 35. Ne4 Nxe4 36. Qxe4 Bf6 37. Be1 Nh7 38. Rb3 (38. Bxa5 Ra8 $18) 38... Qe7 39. Qf3 (39. Bxa5 $6 Ra8 $16) 39... h4 40. Qh5 (40. Bxa5 Rb8 41. Rxb8 Rxb8 $18) 40... Rf8 41. Bb1 {[%emt 0:00:34] Hoping for Bc3.} (41. Bxa5 $6 Ra8 $18) 41... a4 42. Ra3 Ra8 43. b3 Rab8 44. Rxa4 {[%emt 0:00:41] aiming for Bc2.} Rxb3 45. Bc2 Rb7 46. Ra6 Qd8 47. Ba5 Qb8 (47... Qe7 48. Bd2 (48. exf7 Qxf7 49. Qxf7 Rfxf7 $18) 48... Kg8) 48. Bd2 $2 {[%emt 0:01:03] A strong pair of Bishops.} (48. e7 Rxe7 49. Rxe7) 48... fxe6 $2 (48... Kg8 {is a better defense.} 49. Re1 Rb2) 49. Rxe6 (49. fxe6 $142 {[%cal Oe6e7] Intending e7! and mate.} Re7 50. Rf2) 49... Rd7 {[%emt 0:00:12] [#] Inhibits e7.} (49... Rb1+ 50. Bxb1 Qxb1+ 51. Re1 Qxf5) 50. Rxf6 $1 Rxf6 51. Bc3 Qd8 52. Qg6 $2 ({White has to play} 52. Ba4 $18 Rg7 53. Bc6) 52... Rg7 $11 53. Bxf6 Nxf6 54. Qh6+ Kg8 55. Ba4 Qe7 56. Ra8+ Kf7 57. Qh8 Qe1+ 58. Kh2 {[%emt 0:00:02][%csl Ga8][%cal Rh8f8] The position is equal.} Qe5+ 59. Kh1 {[%emt 0:00:02][%csl Ga8][%cal Rh8f8] Really sharp!} Qe1+ 60. Kh2 Qe5+ {[%emt 0:00:44] White really could win this.  Weighted Error Value: White=0.31/Black=0.28 (precise)} 1/2-1/2

[Event "1st Uppsala Festival 2022"]
[Site "Uppsala"]
[Date "2022.08.12"]
[Round "6.3"]
[White "Johansson, Jan"]
[Black "Trost, Edvin"]
[Result "0-1"]
[ECO "B42"]
[WhiteElo "2306"]
[BlackElo "2345"]
[Annotator "TA"]
[PlyCount "54"]
[EventDate "2022.08.09"]
[EventType "tourn"]
[EventCountry "SWE"]
[SourceTitle "playchess.com"]
[Source "ChessBase"]
[SourceQuality "1"]
[TimeControl "5400+30"]

1. e4 c5 2. Nf3 e6 3. d4 cxd4 4. Nxd4 a6 5. Bd3 Bc5 6. Nb3 Ba7 7. O-O Ne7 8. Qe2 {[%emt 0:02:46] B42: Sicilian: Kan Variation: 5 Bd3.} d6 9. Be3 Nbc6 10. N1d2 {[%emt 0:02:36] White is slightly better.} O-O 11. Bxa7 Rxa7 12. f4 Ng6 {[%emt 0:13:38] [#]} (12... Nb4 $11 {is more appropriate.}) 13. Qe3 $146 ({Predecessor:} 13. g3 Nb4 14. h4 h6 15. Nf3 b5 16. a3 Nxd3 17. cxd3 Rc7 18. Rac1 Bb7 19. Qe3 {½-½ (43) Quesada Perez,Y (2567)-Arencibia Rodriguez,W (2534) Havana 2008}) 13... Qf6 (13... b6 $14) 14. Nc4 $16 Rd8 15. e5 dxe5 16. Bxg6 hxg6 17. fxe5 Qe7 18. Nb6 {[%emt 0:00:49] Inhibits Rd5.} a5 19. a4 Ra6 20. Rad1 Qc7 {[%emt 0:12:03][%csl LRb6,LRe5] [#]} 21. Nxc8 {[%emt 0:15:21] Pair of Knights!} (21. Nc4 $1 $16) 21... Rxd1 22. Rxd1 Qxc8 23. Nc5 Ra8 24. c3 Ne7 25. Qf2 Qe8 26. Nxb7 {[%emt 0:04:49] Threatens to win with Nd6.} Qxa4 27. Nd6 $2 {[%emt 0:00:15][%mdl 8192] [#]} Qxd1+ {[%emt 0:00:04] Weighted Error Value: White=0.47/Black=0.14 (very precise)} 0-1

[Event "1st Uppsala Festival 2022"]
[Site "Uppsala"]
[Date "2022.08.12"]
[Round "6.4"]
[White "Savitha Shri B"]
[Black "Stefansson, Vignir Vatnar"]
[Result "0-1"]
[ECO "B41"]
[WhiteElo "2278"]
[BlackElo "2461"]
[Annotator "TA"]
[PlyCount "60"]
[EventDate "2022.08.09"]
[EventType "tourn"]
[EventCountry "SWE"]
[SourceTitle "playchess.com"]
[Source "ChessBase"]
[SourceQuality "1"]
[TimeControl "5400+30"]

1. e4 c5 2. Nf3 a6 3. c4 e6 4. Nc3 Qc7 5. d4 cxd4 6. Nxd4 b6 {[%emt 0:01:40] B41: Sicilian: Kan Variation: 5 c4.} 7. a3 Bb7 8. Be3 Nf6 {[%emt 0:00:50] White is slightly better.} 9. f3 d6 10. g4 h6 11. Rc1 Nbd7 {[%emt 0:02:52] [#]} 12. Qa4 $146 (12. Kf2 $14) ({Predecessor:} 12. Kd2 Ne5 13. Kc2 Rc8 14. Kb1 Qb8 15. Qb3 Nfd7 16. Be2 Nc5 17. Qd1 Be7 18. h4 {0-1 (49) Paravyan,D (2617)-Salinas Herrera,P (2517) Chess.com INT 2022}) 12... Rc8 $11 13. Kd1 Be7 14. h4 Kf8 15. Qc2 Ne5 16. b3 $2 {[%emt 0:03:52] [#] Now White is beyond hope.} ({Better is} 16. Qh2 $15) 16... d5 $19 17. exd5 Bxa3 18. Ra1 Bb4 19. Na2 $2 (19. Rg1) 19... Bc5 {[%emt 0:01:01] Black is clearly winning.} 20. Nc3 Nxf3 21. Nxf3 Bxe3 22. Ke2 Bc5 23. Bg2 Qg3 24. Kf1 Nxg4 25. Nd1 exd5 26. Qf5 dxc4 {[%emt 0:03:05] ( -> ...Rd8)} 27. Rh3 {[%emt 0:02:22] [#]} Qf2+ 28. Nxf2 Ne3+ 29. Kg1 Nxf5 30. bxc4 Ne3 {[%emt 0:00:53] Weighted Error Value: White=0.75/Black=0.42} 0-1

[Event "1st Uppsala Festival 2022"]
[Site "Uppsala"]
[Date "2022.08.12"]
[Round "6.5"]
[White "Peng, Li Min"]
[Black "Sriram, Jha"]
[Result "1-0"]
[ECO "D11"]
[WhiteElo "2516"]
[BlackElo "2361"]
[Annotator "TA"]
[PlyCount "65"]
[EventDate "2022.08.09"]
[EventType "tourn"]
[EventCountry "SWE"]
[SourceTitle "playchess.com"]
[Source "ChessBase"]
[SourceQuality "1"]
[TimeControl "5400+30"]

1. d4 d5 2. c4 c6 3. Nf3 Nf6 4. e3 Bg4 5. h3 Bh5 6. g4 {[%emt 0:00:08] D11: Slav Defence: 3 Nf3 sidelines and 3...Nf6 4 e3 Bg4.} Bg6 7. Ne5 e6 8. Nc3 {[%emt 0:00:22] The position is equal.} Nbd7 9. Nxg6 hxg6 10. Bd2 (10. g5 $5 Ne4 11. Nxe4 dxe4 12. h4 $11) 10... dxc4 11. Bxc4 Be7 12. Qf3 {[%emt 0:08:15] [#]} Bb4 $146 ({Predecessor:} 12... Nb6 13. Bb3 Nbd5 14. O-O-O a5 15. e4 Nxc3 16. Bxc3 a4 17. Bc2 Qb6 18. g5 Nd7 {0-1 (71) Assaubayeva,B (2378)-Gunina,V (2427) Europe Echecs INT 2021}) 13. O-O-O Nb6 14. Bb3 Nbd5 15. g5 Nd7 16. h4 ({Reject} 16. Nxd5 Bxd2+ 17. Rxd2 cxd5 $11) 16... Nxc3 17. bxc3 Ba3+ 18. Kc2 {[%emt 0:00:04] White is more active.} Qe7 19. h5 Rxh5 20. Rxh5 gxh5 21. Qxh5 g6 22. Qg4 O-O-O 23. Rh1 Nb6 24. Rh7 {[%emt 0:00:47][%cal Oh7f7] Strongly threatening Rxf7!} Rd7 {[%emt 0:00:08] [#]} ({Better is} 24... Nd7) 25. c4 $1 $16 c5 {[%emt 0:04:17] [#]} 26. Qf4 $1 Rc7 $2 (26... Qe8 27. dxc5 Bxc5) 27. Rh8+ $18 Kd7 28. Ba5 {[%emt 0:00:12][%cal Ob3a4] White threatens Ba4+! and mate.} e5 29. dxe5 {[%emt 0:00:56][%cal Ob3a4] Threatening mate with Ba4+!} Rc8 {[%emt 0:02:24] [#]} 30. Ba4+ $1 {[%emt 0:12:12][%mdl 512] White mates.} Nxa4 (30... Rc6 31. Qg4+) 31. Qg4+ {[%emt 0:00:02][%mdl 64] Skewer} Qe6 32. Qd1+ Ke7 33. Bd8+ {[%emt 0:00:04] Weighted Error Value: White=0.05 (flawless) /Black=0.45} 1-0

[Event "1st Uppsala Festival 2022"]
[Site "Uppsala"]
[Date "2022.08.12"]
[Round "7.1"]
[White "Akesson, Ralf"]
[Black "Sorensen, Hampus"]
[Result "1/2-1/2"]
[ECO "D24"]
[WhiteElo "2427"]
[BlackElo "2376"]
[Annotator "TA"]
[PlyCount "89"]
[EventDate "2022.08.09"]
[EventType "tourn"]
[EventCountry "SWE"]
[SourceTitle "playchess.com"]
[Source "ChessBase"]
[SourceQuality "1"]
[TimeControl "5400+30"]

1. d4 Nf6 2. Nf3 d5 3. c4 e6 4. Nc3 dxc4 5. e4 b5 6. e5 {[%emt 0:00:19] D24: Queen's Gambit Accepted: 3 Nf3 Nf6 4 Nc3.} Nd5 7. Nxb5 Nb6 8. Be2 {[%emt 0:01:34] White is slightly better.} Nc6 9. O-O Be7 10. a4 {[%emt 0:16:35] 10.Qd2 is becoming the main line.} a5 {[%emt 0:04:07] [#]} (10... Na5 $11) 11. Bd2 $146 {[%emt 0:07:14] White is more active.} ({Predecessor:} 11. Be3 Ba6 12. Nd2 O-O 13. Nxc4 Nd5 14. Nc3 Ncb4 15. Nxd5 Nxd5 16. Bd2 c5 17. dxc5 Bxc5 {½-½ (24) Fedoseev,V (2678)-Xiong,J (2709) Chess.com INT 2020}) 11... Ba6 12. Qc2 O-O 13. Bxc4 Bxb5 14. Bxb5 Nxd4 15. Nxd4 Qxd4 16. Rfe1 ({Reject} 16. Qxc7 Qxd2 17. Qxb6 (17. Qxe7 Qxb2 18. Qc5 Nd5 $11) 17... Bb4 $11) (16. Bc6 $1 $14) 16... Nd5 $11 17. Re4 Qb6 18. Rg4 Rfd8 19. Bh6 {[%emt 0:04:24] This bishop pair is nice.} g6 20. h4 Nb4 21. Qe4 {[%emt 0:04:20] [#] Strongly threatening h5.} Bf8 22. Bxf8 Rxf8 23. h5 Nd5 24. Ra3 (24. hxg6 $14 fxg6 25. Rxg6+ Kh8 26. Rh6 Qxf2+ 27. Kh2 (27. Kh1 Rf5 $14) 27... Qf4+ 28. Qxf4 Nxf4 29. Rc1) 24... f5 25. exf6 $1 Nxf6 26. Rxg6+ $1 hxg6 27. Qxg6+ Kh8 {[%emt 0:00:02] ...Nh7 is the strong threat.} 28. Rg3 {[%emt 0:03:37][%csl Gg3][%cal Rg6g7] [#]} Ng4 $1 29. Rxg4 {[%emt 0:01:52][%csl Gg4][%cal Rg6g7] The board is on fire.} Qxf2+ 30. Kh2 Qf6 {[%emt 0:01:18] Prevents Qg7+.} 31. Qe4 Qf5 32. Qxf5 (32. Be2 $11) 32... Rxf5 {[%emt 0:00:41][%mdl 4096] Endgame KRR-KRB} 33. Rh4 Rd8 34. Bc4 (34. b3 $17 {was necessary.}) 34... e5 35. b3 Rd4 36. Rh3 Rff4 37. Kg1 e4 38. Be2 c5 39. Re3 Kh7 40. g3 (40. Kh2 $1 $15) 40... Rf5 ({Better is} 40... Rf6 41. g4 Kh6) 41. g4 $17 Re5 42. Kf2 $1 Kh6 {[%emt 0:00:10] Black wants to play ...Kg5.} 43. Rc3 Kg5 {[%emt 0:01:07] aiming for ...Kf4.} 44. Ke3 Rb4 45. Bd1 {[%emt 0:00:59] Weighted Error Value: White=0.18 (very precise) /Black=0.15 (very precise)} 1/2-1/2

[Event "1st Uppsala Festival 2022"]
[Site "Uppsala"]
[Date "2022.08.12"]
[Round "7.2"]
[White "Trost, Edvin"]
[Black "Larkin, Vladyslav"]
[Result "1/2-1/2"]
[ECO "E32"]
[WhiteElo "2345"]
[BlackElo "2455"]
[Annotator "TA"]
[PlyCount "69"]
[EventDate "2022.08.09"]
[EventType "tourn"]
[EventCountry "SWE"]
[SourceTitle "playchess.com"]
[Source "ChessBase"]
[SourceQuality "1"]
[TimeControl "5400+30"]

1. d4 Nf6 2. c4 e6 3. Nc3 Bb4 4. Qc2 d6 5. Nf3 O-O 6. g3 b6 7. Bg2 Bb7 8. O-O Bxc3 9. Qxc3 Nbd7 10. b3 Be4 11. Rd1 {[%emt 0:03:18] E32: Nimzo-Indian: Classical (4 Qc2): 4...0-0.} Re8 12. Bb2 Qe7 13. Bh3 {[%emt 0:12:08][%cal Od4d5] White is slightly better.} Bb7 {[%emt 0:18:21] Inhibits d5.} 14. Nd2 a5 {[%emt 0:03:14] [#]} 15. Qd3 $146 ({Predecessor:} 15. Qc2 c5 16. e4 e5 17. d5 Nf8 18. Nf1 Bc8 19. Bxc8 Raxc8 20. Ne3 g6 21. a4 {½-½ (34) Tang,A (2387)-Yang,D (2465) Rockville 2015}) 15... e5 16. e4 exd4 17. Qxd4 Qe5 18. f3 a4 19. Nf1 axb3 20. axb3 Qxd4+ 21. Bxd4 Ne5 22. Kf2 Rxa1 23. Rxa1 Ra8 24. Rxa8+ Bxa8 25. Ke2 Ned7 26. Ne3 Kf8 27. Kd3 g6 28. Nd5 Nxd5 29. Bxd7 $14 {[%emt 0:00:00][%mdl 4096] Endgame KBB-KBN} Ke7 {[#] And now ...Nb4+ would win.} 30. Bh3 Nb4+ 31. Kc3 Na2+ 32. Kb2 Nb4 33. Kc3 {[%emt 0:00:00] Inhibits Nd3.} Na2+ 34. Kb2 Nb4 35. Kc3 {[%emt 0:00:00] Weighted Error Value: White=0.08 (flawless) /Black=0.06 (flawless)} 1/2-1/2

[Event "1st Uppsala Festival 2022"]
[Site "Uppsala"]
[Date "2022.08.12"]
[Round "7.3"]
[White "Lindberg, Bengt"]
[Black "Savitha Shri B"]
[Result "0-1"]
[ECO "B43"]
[WhiteElo "2370"]
[BlackElo "2278"]
[Annotator "TA"]
[PlyCount "80"]
[EventDate "2022.08.09"]
[EventType "tourn"]
[EventCountry "SWE"]
[SourceTitle "playchess.com"]
[Source "ChessBase"]
[SourceQuality "1"]
[TimeControl "5400+30"]

1. e4 c5 2. Nf3 e6 3. d4 cxd4 4. Nxd4 a6 5. Nc3 b5 6. Bd3 Bb7 7. O-O Nc6 8. Nxc6 Bxc6 9. Re1 {[%emt 0:03:02] The main line 9.Re1 scores better than 9.Qe2. B43: Sicilian: Kan Variation: 5 Nc3.} Ne7 10. a4 b4 11. Ne2 {[%emt 0:00:13] The position is equal.} Ng6 12. Nd4 Bb7 13. Qh5 Qc7 {[%emt 0:06:56] [#]} 14. Nb3 $146 ({Predecessor:} 14. e5 Bc5 15. Nb3 Ba7 16. Be3 Bxe3 17. Rxe3 Bxg2 18. Bxg6 fxg6 19. Qg4 Bd5 20. Qxb4 Qxc2 {0-1 (63) Bilych,O (2342)-Subelj,J (2468) Terme Catez 2022}) 14... Bd6 15. Na5 Be5 16. Nc4 O-O 17. Be3 d6 18. a5 Nf4 19. Qd1 (19. Qg5 $5 h6 20. Qh4 Nxd3 21. cxd3 $11) 19... Nxd3 20. cxd3 Bxh2+ $1 {[%emt 0:05:49] A strong pair of Bishops.} 21. Kh1 {[%emt 0:03:08] Hoping for Rc1.} d5 22. Nb6 {[%emt 0:01:26] Strongly threatening Rc1.} Rad8 (22... dxe4 23. Rc1 Qb8 24. dxe4 $16) 23. Rc1 ({But not} 23. g3 Bxg3 $1 24. Rc1 Qe5 25. fxg3 Qxg3 $17) 23... Qb8 24. g3 {[%emt 0:07:50] [#]} Bxg3 25. fxg3 dxe4 (25... Qxg3 $5 26. Qh5 dxe4 $17) 26. Kh2 Rxd3 27. Qh5 {[%emt 0:01:33] [#]} (27. Qc2 $11) 27... f5 $1 $17 {[%emt 0:01:47][%cal Of5f4] And now ...f4! would win. Dancing on a razor blade.} 28. Nc4 {[%emt 0:03:09] [#]} (28. Rcd1 $17 {was worth a try.}) 28... e5 $1 $19 {[%emt 0:04:37] ...f4 is the strong threat.} 29. Rcd1 ({Don't play} 29. Bc5 Rf6 30. Be3 f4 31. Qxe5 Qxe5 32. Nxe5 fxe3 $19) 29... Qc7 30. Rc1 (30. Rxd3 exd3 31. b3) 30... Qe7 ({And not} 30... f4 31. Nxe5 fxg3+ 32. Kg1 Rxe3 33. Rxc7 $11) 31. Nb6 $2 (31. Kg1) 31... Qd8 32. Nc4 Qd5 $2 (32... f4 $19 {and Black stays clearly on top.} 33. Rc2 fxe3 34. Nxe3 Rf3) 33. Rc2 $2 {[%emt 0:01:00] This move loses the game for White.} (33. Nb6 $17 Qd8 34. Qh4) 33... b3 34. Rcc1 (34. Nb6 {is the only way for White.} Qxa5 35. Rce2) 34... f4 35. Nb6 $2 (35. Rf1 Rxe3 36. Nxe3 Qd2+ 37. Ng2) 35... Qd8 36. Qxe5 Rxe3 {[%emt 0:01:14][%mdl 64] Remove Defender} 37. Rxe3 Qd2+ {[%emt 0:00:25] Black mates.} 38. Kh3 Qxc1 39. Rc3 Qh1+ 40. Kg4 e3 {[%emt 0:00:47] Weighted Error Value: White=0.80/Black=0.31} 0-1

[Event "1st Uppsala Festival 2022"]
[Site "Uppsala"]
[Date "2022.08.12"]
[Round "7.4"]
[White "Sriram, Jha"]
[Black "Johansson, Jan"]
[Result "1-0"]
[ECO "D36"]
[WhiteElo "2361"]
[BlackElo "2306"]
[Annotator "TA"]
[PlyCount "47"]
[EventDate "2022.08.09"]
[EventType "tourn"]
[EventCountry "SWE"]
[SourceTitle "playchess.com"]
[Source "ChessBase"]
[SourceQuality "1"]
[TimeControl "5400+30"]

1. d4 Nf6 2. c4 e6 3. Nf3 d5 4. Nc3 c6 5. Bg5 Nbd7 6. cxd5 exd5 7. e3 Be7 8. Qc2 Nf8 {[%emt 0:02:58] 8...Nh5 gains popularity.} 9. Bd3 Bg4 10. Ne5 {[%emt 0:04:24] D36: Queen's Gambit Declined: Exchange Variation: Main line (5 Bg5 c6 6 Qc2).} Bh5 11. O-O Bg6 {[%emt 0:00:58] [#]} 12. f4 $146 {[%emt 0:14:01] f5 is the strong threat. White has an edge.} ({Predecessor:} 12. b4 Ne6 13. Bxf6 Bxf6 14. f4 Bxd3 15. Qxd3 O-O 16. f5 Nc7 17. Ng4 Ne8 18. b5 Nd6 19. bxc6 {½-½ (19) Shariyazdanov,A (2495)-Kharitonov,A (2585) Moscow 1998}) 12... Bxd3 13. Qxd3 N6d7 (13... Ne6 $11 {and Black is okay.}) 14. Bxe7 $18 Qxe7 {[%emt 0:00:06] [#]} 15. e4 $1 dxe4 (15... f6 $16 {keeps fighting.}) 16. Nxe4 {[%emt 0:01:03] Hoping for Rae1.} f5 {[%emt 0:00:20] [#]} 17. Ng5 Nxe5 18. Qxf5 (18. dxe5 h6 $16) 18... Nc4 $2 (18... h6 $2 19. Rae1 g6 20. Qh3 $18 (20. Qxe5 Qxe5 21. Rxe5+ Kd7 $18)) (18... Qf6 19. Qxe5+ (19. fxe5 Qxf5 20. Rxf5 Ng6 $18) 19... Qxe5 20. dxe5 (20. fxe5 Ng6 $18) 20... Nd7) 19. Rfe1 {[%emt 0:01:33] White is clearly winning.} Ne3 20. Qh3 Kd8 21. Rxe3 Qd7 22. Qh5 g6 23. Qe2 h6 {[%emt 0:00:23] [#]} 24. Re1 $1 {[%emt 0:01:17] Black did not feel at home in the position after the opening.  Weighted Error Value: White=0.38/Black=0.40} 1-0

[Event "1st Uppsala Festival 2022"]
[Site "Uppsala"]
[Date "2022.08.12"]
[Round "7.5"]
[White "Stefansson, Vignir Vatnar"]
[Black "Peng, Li Min"]
[Result "1/2-1/2"]
[ECO "B81"]
[WhiteElo "2461"]
[BlackElo "2516"]
[Annotator "TA"]
[PlyCount "38"]
[EventDate "2022.08.09"]
[EventType "tourn"]
[EventCountry "SWE"]
[SourceTitle "playchess.com"]
[Source "ChessBase"]
[SourceQuality "1"]
[TimeControl "5400+30"]

1. e4 c5 2. Nf3 e6 3. d4 cxd4 4. Nxd4 Nf6 5. Nc3 d6 6. g4 h6 7. h4 Nc6 8. g5 hxg5 9. Bxg5 Be7 {[%emt 0:02:16] B81: Sicilian Scheveningen: Keres Attack.} 10. Rg1 {[%emt 0:01:40] [#]} d5 $146 ({Predecessor:} 10... a6 11. Qd2 Qc7 12. O-O-O Bd7 13. f4 O-O-O 14. Be2 g6 15. Rg3 d5 16. exd5 Nxd5 17. Nxd5 exd5 18. Nxc6 Bxc6 {½-½ (49) Ljubicic,F (2471)-Sax,G (2502) Split 2008}) 11. exd5 Nxd5 {[%emt 0:01:38] White has an edge.} 12. Nxd5 Qxd5 13. Nxc6 bxc6 14. Qe2 {[%emt 0:03:43] Inhibits Qe5.} Rb8 15. c3 Qb5 16. Qe3 Qc5 17. Qe2 Qb5 18. Qe3 Qc5 19. Qe2 Qb5 {[%emt 1:20:58] An interesting draw.  Weighted Error Value: White=0.14 (very precise) /Black=0.08 (flawless)} 1/2-1/2

[Event "1st Uppsala Festival 2022"]
[Site "Uppsala"]
[Date "2022.08.13"]
[Round "8.1"]
[White "Sorensen, Hampus"]
[Black "Trost, Edvin"]
[Result "1-0"]
[ECO "B41"]
[WhiteElo "2376"]
[BlackElo "2345"]
[Annotator "TA"]
[PlyCount "123"]
[EventDate "2022.08.09"]
[EventType "tourn"]
[EventCountry "SWE"]
[SourceTitle "playchess.com"]
[Source "ChessBase"]
[SourceQuality "1"]
[TimeControl "5400+30"]

1. e4 c5 2. Nf3 e6 3. d4 cxd4 4. Nxd4 a6 5. a3 b5 (5... Nf6 $5 ) 6. a4 {[%emt 0:00:44] B41: Sicilian: Kan Variation: 5 c4.} b4 7. Bd3 Bb7 8. O-O {[%emt 0:00:47] [#] White is slightly better.} Nc6 $146 ({Predecessor:} 8... Ne7 9. Qh5 Nec6 10. Nxc6 Nxc6 11. Nd2 Qa5 12. Qh3 Ne5 13. b3 Be7 14. Bb2 Bf6 {1-0 (37) Hakobyan,A (2612)-Blomqvist,E (2550) Fagernes 2022}) 9. Nxc6 Bxc6 10. Nd2 Bd6 11. Nc4 Bc7 12. e5 Ne7 13. Bg5 {[%emt 0:05:58] Threatens to win with Nd6+.} Qb8 14. Bxe7 Kxe7 15. Qe2 f5 16. a5 h5 (16... Qa7 $11) 17. Qe3 $14 h4 18. h3 (18. Rfd1 $5 ) 18... Qb7 (18... Kf7 $14) 19. Rfd1 (19. Nd6 $6 Bxd6 20. exd6+ (20. Qg5+ Kf7 $15) 20... Kf6 $11) 19... Rh6 20. Qg5+ (20. Be2 $16) 20... Kf8 21. Bf1 $1 (21. Nd6 Bxd6 22. exd6 Qa7 $11) 21... Qa7 22. Qd2 Rg6 23. Qxb4+ Kg8 24. Qd2 Qb7 25. f4 Rg3 26. Ra3 ({White should play} 26. Qf2 $16) 26... Rxa3 $11 27. bxa3 Rb8 28. Qf2 Bd8 29. Kh2 Qc7 (29... Qb5 $11) 30. Nb6 $16 Qa7 31. Rb1 Rb7 (31... g5 $14) 32. c4 {[%emt 0:03:36][%cal Bc2c4,Bc4c5][%mdl 32] White is more active.} Rc7 ({Black should try} 32... Be7) 33. c5 Be7 34. Rc1 (34. Bd3 $16) 34... Be4 (34... Bb5 $14) 35. Kh1 (35. Bc4 $16) 35... Qb7 $11 36. Rc3 Rc6 (36... g5 37. fxg5 Bxg5 38. Qe2 $14) (36... Qc6 $11 {should be considered.}) 37. Qd4 $14 Rc7 38. Qb4 (38. a4 $14) 38... Kh7 39. Kh2 Qc6 40. Na4 Qd5 {[%emt 0:00:28] ...Qd2 is the strong threat.} (40... g5 $5 ) 41. Qc4 $2 (41. Rc4 $11) 41... Qd2 42. Qxa6 (42. Kg1 {keeps fighting.} Bc6 43. Rd3 Qxa5 44. Qc3 Qxc3 45. Nxc3) 42... Qxf4+ 43. Kh1 Qxe5 44. Qe2 g6 45. Qe3 (45. Qd2 $142) 45... Ra7 (45... Rb7 $142 46. Nb6 d5) 46. Nb6 $2 (46. a6 {was the crucial defense.}) 46... Bf6 $19 {[%emt 0:01:23] This bishop pair is nice.} 47. Rb3 Rxa5 $2 (47... Qa1 $19 48. Qe2 Bd4) 48. Nxd7 $11 Qa1 49. Nxf6+ Qxf6 50. Rc3 Ra8 51. c6 {[%emt 0:00:26] Hoping for c7.} Rc8 52. c7 {[%emt 0:00:24] And now Ba6 would win.} Qe5 (52... f4 $1 $11 {remains equal.} 53. Qc5 f3 54. gxf3 Bxf3+ 55. Bg2 Bd5) 53. Qc5 $16 Qf4 (53... Bd5 $16 54. Kg1 f4) 54. Ba6 (54. Kg1 $1 $18) 54... Qd2 $14 55. Qe7+ Kh6 56. Qxh4+ Kg7 {[%emt 0:00:02][%csl Ge4][%cal Rd2g2] [#]} 57. Qe7+ $1 (57. Qg3 $6 f4 58. Qg5 Qxc3 $11) 57... Kh6 {[%emt 0:02:34][%csl Ge4][%cal Rd2g2] [#]} 58. Rg3 $36 {[%emt 0:01:09][%mdl 2048] Keeping Black busy.} Qc1+ (58... Qf4 $16 59. Kh2 (59. Bxc8 Qxg3 60. Qf8+ Kh7 $11) (59. Rxg6+ Kxg6 60. Qxe6+ Kg5 $11) 59... Rxc7 60. Qxe6 Rg7) 59. Kh2 $18 {[%emt 0:00:02] Qf6 would kill now. The board is on fire.} Rxc7 $2 (59... Bxg2 $18 60. Rxg6+ (60. Rxg2 Qf4+ 61. Rg3 Rxc7 $11) (60. Kxg2 Qd2+ 61. Kf3 Qc3+ 62. Kg2 Qb2+ 63. Kf3 Qb3+ 64. Kf4 e5+ 65. Qxe5 Qa4+ 66. Ke3 Qxa6 $18) 60... Kxg6 61. Qxe6+ (61. Bxc8 Qh1+ 62. Kg3 Qxh3+ 63. Kf2 Qf3+ 64. Kg1 Qf1+ 65. Kh2 Qh1+ 66. Kg3 Qh3+ 67. Kf2 Bd5 $11) 61... Kg5 62. Qxc8 (62. Bxc8 $2 {gets mated.} Qh1+ 63. Kg3 f4+ 64. Kf2 Qf1#) 62... Qh1+ 63. Kg3 Bxh3 64. Qd8+ Kg6 65. Qg8+ Kf6 66. Qh8+ Kg6 67. Qxh3 f4+ 68. Kg4 Qg1+ 69. Kxf4 Qc1+ 70. Kg4 Qxc7 71. Qd3+ Kf6) 60. Qf6 {[%emt 0:01:28][%csl Gg3][%cal Rf6g6] White mates.} f4 61. Rg4 Bf3 62. Qxg6# {[%emt 0:00:11] Both players deserved the win here.  Weighted Error Value: White=0.40/Black=0.48} 1-0